Cogmind - Beta 16.1 @@@ ROGUE MODE // 2026.02.21 @ 16:10:32 Player: ErisDrakoi Result: Destroyed by ID-MUJ(R) with Subdweller Machine Gun Performance ------------- Evolutions (0) 0 Regions Visited (2) 400 Robots Destroyed (15) 75 Value Destroyed (255) 255 Prototype IDs (3) 60 Alien Tech Used (0) 0 Bonus (0) 0 TOTAL SCORE: 790 Bonus ------- None Cogmind --------- Core Integrity 0/250 Matter 288/300 Energy 89/100 System Corruption 2% Temperature Warm (123) Movement Walking (120) Location -10/Subcaves Parts ------- > --- POWER (1) -------- (None) > --- PROPULSION (2) --- Aluminum Leg > --- UTILITY (2) ------ Small Storage Unit > --- WEAPON (2) ------- Improved EM Shotgun Light Assault Rifle > --- INVENTORY (8) ---- Aluminum Leg Aluminum Leg Wheel Scrap Shield Grenade Launcher Peak State ------------ > --- POWER ------------ Ion Engine > --- PROPULSION ------- Aluminum Leg Aluminum Leg > --- UTILITY ---------- Small Storage Unit Seismic Detector > --- WEAPON ----------- Improved EM Shotgun Improved EM Shotgun > --- INVENTORY -------- Aluminum Leg Aluminum Leg Wheel Improved EM Shotgun Medium Laser Light Assault Rifle Light Assault Rifle Grenade Launcher [Rating: 12] Favorites ----------- Power Ion Engine Engine Ion Engine Propulsion Aluminum Leg Leg Aluminum Leg Utility Small Storage Unit Device Seismic Detector Storage Small Storage Unit Weapon Improved EM Shotgun Energy Gun Improved EM Shotgun Ballistic Gun Light Assault Rifle Launcher Grenade Launcher Build | -11 -10 -10 ------- Run | Yrd Mat Sub Slots Evolved . | . . . Power . | . . . Propulsion . | . . . Utility . | . . . Weapon . | . . . Parts Attached 12 | 7 5 . Power 1 | 1 . . Engine 1 | 1 . . Core . | . . . Reactor . | . . . Propulsion 2 | 2 . . Treads . | . . . Leg 2 | 2 . . Wheel . | . . . Hover . | . . . Flight . | . . . Utility 3 | 2 1 . Device 1 | 1 . . Storage 2 | 1 1 . Processor . | . . . Hackware . | . . . Protection . | . . . Artifact . | . . . Weapon 6 | 2 4 . Energy Gun 3 | . 3 . Energy Cannon . | . . . Ballistic Gun 2 | 2 . . Ballistic Cannon . | . . . Launcher 1 | . 1 . Special Weapon . | . . . Impact Weapon . | . . . Slashing Weapon . | . . . Piercing Weapon . | . . . Special Melee Weapon . | . . . Unidentified Prototypes 1 | . 1 . Parts Lost 5 | . . 5 Power 1 | . . 1 Propulsion 1 | . . 1 Utility 1 | . . 1 Weapon 2 | . . 2 Highest Loss Streak 5 | . . 5 To Critical Strikes . | . . . Average Backups 6 | 1 6 7 Power . | . . . Propulsion 1 | . 1 3 Utility . | . . . Weapon 4 | . 4 3 Tool/Special . | . . . Unused Backups 6 | . 1 5 Power . | . . . Propulsion 3 | . . 3 Utility 1 | . . 1 Weapon 2 | . 1 1 Tool/Special . | . . . Average Slot Usage (%) 99 | . 100 95 Engine 14 | . 14 14 Leg 27 | . 28 26 Device 13 | . 14 10 Storage 14 | . 14 14 Energy Gun 26 | . 26 26 Ballistic Gun 1 | . 1 1 Peak Build Rating 12 | 7 12 12 Average Rating 10 | 4 11 11 On Entrance 6 | . 7 12 Avg Prop Armor Cover (%) . | . . . Naked Turns . | . . . Heaviest Build 17 | 13 17 17 Greatest Support 20 | 20 20 20 Greatest Overweight (x) . | . . . Average Overweight (x) . | . . . Largest Inventory Capacity 10 | 8 10 8 Average Capacity 7 | 5 8 8 Most Carried 8 | 3 8 8 Average Carried 6 | 1 6 7 Final Capacity 8 | 8 8 8 Final Carried 8 | 2 8 6 Class Distribution -------------------- 100% | Mutant Dominant Class ---------------- Mutant | -10/Materials Mutant | -10/Subcaves Resources | -11 -10 -10 ----------- Run | Yrd Mat Sub Matter Collected 408 | 225 183 . Remotely . | . . . Salvage Created 379 | 88 291 . Parts 32 | 4 28 . Haulers Intercepted 1 | . 1 . Recyclers Shooed 1 | 1 . . Parts Field Recycled . | . . . Retrieved Matter . | . . . Parts Self-Destructed 1 | . . 1 Prevented . | . . . Parts Restored . | . . . Kills | -11 -10 -10 ------- Run | Yrd Mat Sub Combat Hostiles Destroyed 8 | . 8 . Guns 1 | . 1 . AOE 7 | . 7 . Classes Destroyed 6 | 2 4 . Tunneler 2 | 1 1 . Hauler 1 | . 1 . Recycler 1 | 1 . . Watcher 3 | . 3 . Swarmer 5 | . 5 . Grunt 3 | . 3 . Best Kill Streak 3 | 2 3 . Combat Bots Only 3 | . 3 . Max Kills in Single Turn 2 | 1 2 . Gunslinging . | . . . Exploded 2 | . 2 . Melee . | . . . Uniques/NPCs Destroyed . | . . . Combat | -11 -10 -10 -------- Run | Yrd Mat Sub Hostile Shots Fired 50 | . 21 29 Missed 16 | . 10 6 Hits 34 | . 11 23 Projectile 34 | . 11 23 Critical Strikes 1 | . . 1 Damage Taken 673 | . 183 490 Core 258 | . 60 198 Absorbed by Shields . | . . . Core Remaining (%) 100 | 100 . . Volleys Fired 31 | 4 21 6 Largest 2 | 2 2 2 Hottest 90 | 40 90 90 Shots Fired 50 | 8 30 12 Gun 47 | 8 27 12 Cannon . | . . . Launcher 3 | . 3 . Special . | . . . Kinetic 10 | 8 . 2 Thermal . | . . . Explosive 3 | . 3 . Electromagnetic 37 | . 27 10 Robot Hit Streak 9 | 7 9 6 Robot Miss Streak 3 | . 2 3 Penetration Max . | . . . Secondary Targets . | . . . Shots Hit Robots 37 | 7 22 8 Core Hits 22 | 3 17 2 Critical Kills 1 | 1 . . Critical Parts Destroyed . | . . . Critical Strikes 1 | 1 . . Destroy 1 | 1 . . Melee Attacks . | . . . Impact . | . . . Slashing . | . . . Piercing . | . . . Sneak Attacks . | . . . Combat Hostiles . | . . . Follow-up Attacks . | . . . Damage Inflicted 947 | 54 765 128 Guns 551 | 54 369 128 Cannons . | . . . Explosions 396 | . 396 . Melee . | . . . Ramming . | . . . Kinetic 60 | 54 . 6 Thermal 174 | . 174 . Explosive 222 | . 222 . Electromagnetic 491 | . 369 122 Impact . | . . . Slashing . | . . . Piercing . | . . . Highest Corruption 2 | . 2 2 Average Corruption 1 | . 1 2 Corruption Purged . | . . . Corruption Blocked . | . . . Effects 5 | . 3 2 Message Errors 2 | . 1 1 Heat Flow Errors 1 | . . 1 Data Loss (minor) 1 | . 1 . Misfires 1 | . 1 . Overload Shots . | . . . Overflow Damage 42 | . 42 . Projectiles . | . . . Explosions 42 | . 42 . Melee . | . . . Knockbacks . | . . . Impact . | . . . Kinetic . | . . . Secondary . | . . . Self-Inflicted Damage 56 | . 56 . Shots 2 | . 2 . Rammed . | . . . Targets Rammed . | . . . Kicked . | . . . Crushed . | . . . Highest Temperature 255 | . 165 255 Average Temperature 59 | . 38 156 Received Heat Transfer 391 | . 54 337 Siege Activations . | . . . Martial Activations . | . . . Shielding Activations . | . . . Robots Disrupted . | . . . Combat Hostiles . | . . . Robots Corrupted . | . . . Combat Hostiles . | . . . Parts Fried 2 | . 2 . Impact Corruptions . | . . . Robots Melted . | . . . Combat Hostiles . | . . . Parts Melted . | . . . Heat Transferred 150 | . 150 . Parts Sabotaged . | . . . Parts Stolen . | . . . Parts Stripped . | . . . Power Chain Reactions 4 | . 4 . Alert | -11 -10 -10 ------- Run | Yrd Mat Sub Maximum Alert Level . | . . . Low Security (%) 100 | 100 100 . Level 1 . | . . . Level 2 . | . . . Level 3 . | . . . Level 4 . | . . . Level 5 . | . . . High Security . | . . . Max Security . | . . . Peak Influence 88 | 5 88 . Initial . | . . . Average 35 | 1 38 . Influence Increases 305 | 10 295 . Destroy 0b10 Robot/C 160 | . 160 . Destroy 0b10 Robot/NC 35 | 10 25 . Destroy Leader 38 | . 38 . Successful Hack 12 | . 12 . Disable Machine 30 | . 30 . Destroy Structure 30 | . 30 . Influence Decreases 305 | 10 251 44 Entered New Map 22 | . . 22 Time Decay 283 | 10 251 22 Squads Dispatched . | . . . Investigation . | . . . Extermination . | . . . Reinforcement . | . . . Assault . | . . . Garrison . | . . . Intercept . | . . . Searches Triggered . | . . . Construction Impeded . | . . . Haulers Reinforced . | . . . Active Scanning Responses . | . . . Cargo Convoy Interrupts . | . . . Stealth | -11 -10 -10 --------- Run | Yrd Mat Sub Distress Signals . | . . . Communications Jammed . | . . . Distress Signals . | . . . Times Spotted 24 | . 15 9 Peak Tracking Total 8 | . 3 8 Tactical Retreats . | . . . Traps | -11 -10 -10 ------- Run | Yrd Mat Sub Traps Triggered 2 | . 2 . Indirectly . | . . . Trap Hack Attempts . | . . . Triggered . | . . . Disarmed . | . . . Reprogrammed . | . . . Reused . | . . . Traps Extracted . | . . . Installed . | . . . Triggered . | . . . Machines | -11 -10 -10 ---------- Run | Yrd Mat Sub Machines Disabled 2 | . 2 . Max in Single Turn 1 | . 1 . Machines Repaired . | . . . Machines Dismantled . | . . . Machines Sabotaged . | . . . Overloaded Fab Kills . | . . . Hacking | -11 -10 -10 --------- Run | Yrd Mat Sub Machines Accessed 4 | . 4 . Terminals 3 | . 3 . Fabricators . | . . . Repair Stations . | . . . Recycling Units 1 | . 1 . Scanalyzers . | . . . Garrison Access . | . . . Total Hacks 12 | . 12 . Successful 6 | . 6 . Failed 6 | . 6 . Catastrophic . | . . . Database Lockouts . | . . . Manual 2 | . 2 . Terminals 9 | . 9 . Fabricators . | . . . Repair Stations . | . . . Recycling Units 3 | . 3 . Scanalyzers . | . . . Garrison Access . | . . . Terminal Hacks 4 | . 4 . Record 1 | . 1 . Prototype ID Bank 1 | . 1 . Locate Traps 1 | . 1 . Zone Layout 1 | . 1 . Fabricator Hacks . | . . . Repair Station Hacks . | . . . Recycling Unit Hacks 1 | . 1 . Retrieve Components 1 | . 1 . Scanalyzer . | . . . Garrison Access Hacks . | . . . Unauthorized Hacks 1 | . 1 . Terminals 1 | . 1 . Botnet 1 | . 1 . Fabricators . | . . . Repair Stations . | . . . Recycling Units . | . . . Scanalyzers . | . . . Garrison Access . | . . . Data Cores Recovered . | . . . Used . | . . . Hacking Detections 3 | . 3 . Full Trace Events 1 | . 1 . Feedback Events . | . . . Feedback Blocked . | . . . Robot Schematics Acquired . | . . . Robots Built . | . . . Authchips . | . . . Time . | . . . Total Robot Build Rating . | . . . Part Schematics Acquired . | . . . Parts Built . | . . . Authchips . | . . . Time . | . . . Total Part Build Rating . | . . . Part Studies Acquired . | . . . Parts Repaired . | . . . Time . | . . . Parts Recycled . | . . . Recycled Matter . | . . . Retrieved Matter . | . . . Retrieved Components 6 | . 6 . Parts Scanalyzed . | . . . Part Schematics Acquired . | . . . Parts Damaged . | . . . Bothacking | -11 -10 -10 ------------ Run | Yrd Mat Sub Used RIF Installer . | . . . Robots Hacked . | . . . Non-combat . | . . . Combat . | . . . Robot Hacks Applied . | . . . Relay Couplers Released . | . . . Fabnet Peak Effective % . | . . . Robots Rewired . | . . . Allies Hacked . | . . . Hacks Repelled . | . . . Allies | -11 -10 -10 -------- Run | Yrd Mat Sub Total Allies . | . . . Largest Group . | . . . Highest-Rated Group . | . . . Highest-Rated Ally . | . . . Total Orders . | . . . Ally Attacks . | . . . Total Damage . | . . . Kills . | . . . Allies Corrupted . | . . . Allies Melted . | . . . Intel | -11 -10 -10 ------- Run | Yrd Mat Sub Active Infowar (turns) 810 | 12 732 66 Seismic 810 | 12 732 66 Robot Analysis Total . | . . . Derelict Logs Recovered . | . . . Drone Launches . | . . . Drone Recoveries . | . . . Exploration | -11 -10 -10 ------------- Run | Yrd Mat Sub Turns Passed 882 | 68 732 82 Spaces Moved 580 | 39 493 48 Core 7 | 7 . . Treads . | . . . Legs 573 | 32 493 48 Wheels . | . . . Hover . | . . . Flight . | . . . Fastest Speed 50 | 50 120 120 Average Speed 119 | 107 120 120 Slowest Speed 120 | 120 120 120 Overloaded Moves . | . . . Propulsion Burnouts . | . . . Robots Hopped . | . . . Potential Cave-ins . | . . . Cave-ins Triggered . | . . . Exploration Rate (%) 31 | 3 88 3 Regions Visited 2 Branch Regions 1 Pre-discovered Areas . | . . . Known Exits Taken . | . . . Unknown Exits Taken 2 | 1 1 . Scrap Searched . | . . . Spaces Dug . | . . . Terrain Destroyed 27 | . 27 . Melee . | . . . Projectile . | . . . AOE 27 | . 27 . Terrain Rammed . | . . . Walls Destroyed . | . . . Machines Disabled . | . . . Actions | -11 -10 -10 --------- Run | Yrd Mat Sub Total 724 | 58 604 62 Wait 68 | . 65 3 Move 578 | 38 492 48 Hop . | . . . Pick Up 19 | 9 9 1 Fast Attach . | . . . Attach 11 | 7 2 2 Detach 2 | . 2 . Swap 8 | . 8 . Drop 7 | . 5 2 Fire 31 | 4 21 6 Melee . | . . . Ram . | . . . Kick . | . . . Crush . | . . . Escape Stasis . | . . . Rewire . | . . . Trap . | . . . Miscellaneous . | . . . Route ------- -11/Scrapyard -10/Materials (discovered 6 exits: [*Mat x3] / [*Min x2] / [*Sub]) -10/Subcaves History --------- Turn | Location | Event 6 | -11/Scrapyard | Discovered new exit (range 15) 69 | -11/Scrapyard | Entered Materials 159 | -10/Materials | Discovered new exit (range 16) 314 | -10/Materials | Build established: Mutant 381 | -10/Materials | Discovered new exit (range 5) 524 | -10/Materials | Discovered new exit (range 19) 635 | -10/Materials | Discovered new exit (range 7) 676 | -10/Materials | Discovered new exit (range 16) 792 | -10/Materials | Discovered new exit (range 8) 801 | -10/Materials | Entered Subcaves 802 | -10/Subcaves | Approached by a straggling Scientist 867 | -10/Subcaves | Ambushed by swarm of Subdwellers 877 | -10/Subcaves | Core integrity fell below 50% 881 | -10/Subcaves | Core integrity fell below 20% 883 | -10/Subcaves | Destroyed by ID-MUJ(R) with Subdweller Machine Gun Last Messages --------------- Machinery. 00869_ RO-YDD(R) emerges from the Twisted Machinery. 00870_ ID-MUJ(R) emerges from the Twisted Machinery. 00871_ FQ-0Y8(R) emerges from the Twisted Machinery. 00872_ 43-MQP(R) emerges from the Twisted Machinery. 00873_ E4-JTP(R) emerges from the Twisted Machinery. 00874_ Imp. EM Shotgun destroyed. 00874_ Critical hit (Meltdown: +250). 00875_ Heat Sink fries itself beyond repair. 00875_ FQ-0Y8(R) destroyed. 00875_ Imp. EM Shotgun destroyed. 00878_ Aluminum Leg destroyed. 00880_ Subatomizers dissect the Sub. Laser. 00880_ Ion Engine destroyed. 00881_ RO-YDD(R) destroyed. Map ----- +----------------------------------------------------+ | ??????????????????????# #??????????????????????? | | ??????????????????????## #??????????????????????? | | ??????????????????????# #??????????????????????? | | ??????????????????????## ##?????????????????????? | | ??????????????????????# #?????????????????????? | | ??????????????????????## ##?????????????????????? | | ??????????????????????# #?????????????????????? | | ??????????????????????## ##?????????????????????? | | ??????????????????????# #??????????????????????? | | ????????????????????### ##?????????????????????? | | ???????????????????## #?????????????????????? | | ??????????????????# # #?????????????????????? | | ??????????????????## ##?????????????????????? | | ??????????????????# ## #?????????????????????? | | ?????????????????# # #######?????????????????????? | | ????????????????# ### ##?????????????????????????? | | ????????????????# ??## #?????????????????????????? | | ????????????????#????# #?????????????????????????? | | ?????????????????????# #?????????????????????????? | | ?????????????????????# ##????????????????????????? | | ?????????????????????## #????????????????????????? | | ??????????????????????# #????????????????????????? | | ????????????????????###c#?##?????????????????????? | | ???????????????????##" R## #?????????????????????? | | ???????????????????#"" R[ ;###???????????????????? | | ???????????????????#""!R%@# # #?????????????? | | ?????????????????# ##%& #????????????? | | ????????????????# ?##= #??????????? | | ????????????????# ???# # ;### #??????????? | | ????????????????## ???######???? ????????? | | ????????????????? ????????????????? ????????? | | ???????????????? ????????????????????? ?????????? | | ??????????????? ???????????????????????????????? | | ?????????????? ????????????????????????????????? | | ?????????????# "?????????????????????????????????? | | ?????????????????????????????????????????????????? | | ?????????????????????????????????????????????????? | | ?????????????????????????????????????????????????? | | ?????????????????????????????????????????????????? | | ?????????????????????????????????????????????????? | | ?????????????????????????????????????????????????? | | ?????????????????????????????????????????????????? | | ?????????????????????????????????????????????????? | | ?????????????????????????????????????????????????? | | ?????????????????????????????????????????????????? | | ?????????????????????????????????????????????????? | | ?????????????????????????????????????????????????? | | ?????????????????????????????????????????????????? | | ?????????????????????????????????????????????????? | | ?????????????????????????????????????????????????? | +----------------------------------------------------+ Best States ------------- Heat Dissipation 25 Energy Generation 10 Energy Capacity 250 Matter Stores 300 Matter Capacity 300 Sight Range 16 Terrain Scan Density 10 Evasion (%) 55 Item Schematics ----------------- None Robot Schematics ------------------ None Fabricated ------------ Nothing Repaired ---------- Nothing Studied --------- None Alien Tech Used ----------------- None Achievements -------------- None Challenges ------------ None Game ------ Seed CloakPersonalBay Manual? 0 Play Time 00:21:07 Cumulative 4.4 hours Start 2026.02.21 @ 15:50:38 End 2026.02.21 @ 16:10:32 Sessions 1 Manual Loads 0 Difficulty Rogue Special Mode None Game No. 10 Rogue 10 Adventurer 0 Explorer 0 Win Type - Total 0 Types 0/0/0/0/0/0/0/0/0/0 Lore% 5 Gallery% 7 Achievement% 7 Wizard Run 0 Options --------- Layout 1 ASCII 0 Keyboard 0 Movement Mouse Keybinds 0 Fullscreen 1 Font 32/SmallcapsGlow Map View 50x35 Zoom Use 0% Tactical HUD 1 Map Filters NONE Filters NONE Steam 1 RUN: 59f5effa-b506-42f5-bf99-04df38aded05